Map: [TLMC15] Hardwire

Players

Serral - Winner!

  • Race: Zerg Zerg

DRG

  • Race: Zerg Zerg

Event: DreamHack SC2 Masters Last Chance 2022

VOD

Have the link to the VOD?

Description

Time

  • Played on: Jan. 14, 2022, 8:20 a.m.
  • Length: 20:59

All games in this series

Show
View Real Time Build Order
Export as new Build Order

Serral Zerg - Winner!

Build Orders: Hatch First, Lurkers 

Get SALT Encoding   

  12  0:00  Drone  
  13  0:11  Overlord  
  13  0:17  Drone  
  14  0:30  Drone x2  
  16  0:46  Hatchery  
  15  0:50  Drone  
  15  0:53  Drone  
  15  0:57  Drone  
  18  1:07  Extractor  
  17  1:11  Spawning Pool  
  17  1:15  Drone  
  17  1:18  Drone  
  18  1:27  Drone  
  19  1:38  Drone  
  20  1:55  Drone  
  20  1:58  Queen x2  
  20  1:59  Zergling x2  
  20  2:00  Overlord  
  26  2:09  Drone  
  26  2:10  Drone  
  26  2:11  Metabolic Boost  
  28  2:20  Drone  
  28  2:21  Drone  
  30  2:33  Drone x2  
  32  2:37  Hatchery  
  32  2:42  Drone  
  32  2:45  Baneling Nest  
  32  2:49  Overlord  
  31  2:54  Zergling x2  
  31  2:55  Zergling x2  
  33  3:03  Drone  
  33  3:04  Queen  
  36  3:10  Drone x4  
  40  3:16  Overlord  
  40  3:19  Zergling x4  
  42  3:21  Zergling x2  
  43  3:27  Drone, Evolution Chamber  
  43  3:30  Drone  
  44  3:37  Drone x3  
  47  3:43  Overlord  
  47  3:45  Overlord  
  47  3:46  Drone x2  
  49  3:49  Drone x2  
  49  3:52  Overlord  
  50  3:58  Baneling x2  
  50  4:01  Zerg Missile Weapons Level 1  
  49  4:04  Zergling x4  
  49  4:05  Zergling x2  
  52  4:10  Drone, Roach Warren  
  52  4:11  Drone  
  52  4:14  Drone x2, Extractor  
  54  4:21  Drone x4  
  54  4:24  Overlord  
  58  4:30  Zergling x2  
  59  4:32  Drone x2  
  61  4:39  Lair  
  61  4:40  Drone x3  
  61  4:41  Drone  
  61  4:42  Extractor  
  61  4:43  Drone x2  
  66  4:46  Overlord  
  66  4:52  Drone x4  
  69  4:53  Drone  
  69  4:59  Drone, Overlord  
  71  5:02  Drone  
  71  5:05  Extractor  
  71  5:06  Drone  
  71  5:07  Drone  
  73  5:09  Drone, Pneumatized Carapace  
  73  5:11  Drone x3  
  73  5:12  Extractor  
  73  5:13  Extractor  
  75  5:16  Drone  
  75  5:18  Overlord  
  75  5:20  Drone x3  
  79  5:29  Overlord  
  79  5:31  Drone  
  79  5:32  Roach  
  79  5:33  Roach x3  
  87  5:37  Overseer  
  87  5:39  Baneling  
  87  5:41  Glial Reconstitution  
  87  5:43  Hatchery  
  87  5:44  Roach x3  
  87  5:48  Overlord x2  
  92  5:56  Roach x4  
  100  6:02  Drone x3  
  100  6:03  Zerg Missile Weapons Level 2  
  96  6:04  Evolution Chamber  
  96  6:09  Drone  
  96  6:10  Drone  
  97  6:14  Queen x2  
  97  6:16  Queen  
  101  6:26  Drone x3  
  101  6:31  Drone x3, Overlord  
  101  6:36  Roach x4  
  104  6:44  Roach x2  
  104  6:45  Infestation Pit, Roach x3  
  109  6:50  Roach  
  109  6:53  Queen x2  
  115  6:58  Ravager x2  
  115  7:00  Ravager  
  116  7:01  Roach x3  
  116  7:06  Roach x3  
  124  7:10  Queen  
  124  7:13  Spore Crawler  
  124  7:14  Spore Crawler  
  124  7:15  Spore Crawler  
  120  7:20  Spore Crawler  
  119  7:22  Tunneling Claws  
  119  7:28  Drone x5, Spore Crawler  
  123  7:30  Burrow  
  123  7:34  Overlord  
  123  7:38  Drone  
  123  7:39  Spore Crawler x2  
  123  7:42  Infestor x3  
  128  7:51  Overlord x4  
  128  7:56  Spore Crawler x2  
  128  7:57  Overseer  
  126  7:59  Hive  
  127  8:05  Drone x2  
  127  8:11  Zergling x4  
  127  8:12  Drone x7  
  137  8:18  Drone x3  
  138  8:20  Drone x3  
  138  8:26  Queen x2  
  138  8:29  Roach x2  
  138  8:32  Roach  
  139  8:38  Roach  
  139  8:39  Roach  
  139  8:40  Queen  
  141  8:44  Hydralisk Den  
  141  8:45  Roach x2  
  144  8:49  Roach x3  
  144  8:53  Spore Crawler  
  144  8:55  Drone x4  
  153  8:59  Roach x3  
  153  9:01  Roach x3  
  153  9:02  Baneling x4  
  159  9:03  Roach x2  
  159  9:04  Roach x2  
  159  9:09  Zerg Ground Armor Level 1, Roach x4  
  159  9:10  Overlord x3  
  159  9:13  Overlord  
  159  9:15  Roach  
  159  9:16  Roach x2  
  159  9:17  Spore Crawler  
  159  9:23  Overlord  
  159  9:24  Roach x2, Lurker Den, Overlord  
  158  9:27  Roach x2  
  158  9:28  Overlord  
  158  9:30  Hydralisk x4  
  158  9:31  Hydralisk x2  
  159  9:33  Roach x2  
  159  9:34  Hydralisk x2, Roach x2  
  165  9:41  Hydralisk x3  
  169  9:49  Viper x3  
  170  9:53  Extractor x2  
  170  9:54  Spore Crawler  
  170  9:55  Drone, Spore Crawler  
  170  9:56  Hydralisk  
  170  9:57  Spore Crawler  
  170  9:58  Spore Crawler  
  161  10:00  Roach x2  
  161  10:01  Roach x5  
  161  10:05  Roach x3  
  161  10:06  Roach  
  169  10:11  Spore Crawler  
  169  10:13  Roach x2, Spore Crawler  
  171  10:17  Roach  
  173  10:22  Roach x2  
  173  10:23  Roach x2  
  173  10:26  Roach x4  
  178  10:33  Lurker x3  
  178  10:34  Lurker  
  182  10:46  Hydralisk x4  
  188  10:55  Hatchery  
  188  10:56  Hydralisk  
  189  10:59  Lurker  
  189  11:00  Lurker  
  191  11:06  Zerg Ground Armor Level 2  
  191  11:12  Roach x3  
  191  11:14  Spore Crawler  
  191  11:15  Hydralisk x2  
  191  11:16  Hydralisk  
  191  11:18  Roach x3  
  195  11:19  Roach x3  
  195  11:24  Hydralisk x2, Extractor  
  195  11:25  Hydralisk  
  197  11:26  Extractor  
  197  11:31  Hydralisk x10  
  197  11:32  Hydralisk x3  
  196  11:36  Roach x12  
  196  11:38  Overseer x2  
  196  11:44  Drone x6  
  196  11:47  Seismic Spines  
  196  11:51  Drone x3  
  189  12:02  Grooved Spines  
  189  12:04  Drone x3  
  188  12:11  Hydralisk x4  
  192  12:17  Lurker  
  192  12:22  Spine Crawler  
  190  12:37  Overlord  
  190  12:39  Drone  
  190  12:40  Evolution Chamber  
  190  12:41  Overlord  
  190  12:42  Overlord  
  190  12:44  Adaptive Talons  
  190  12:47  Lurker x2  
  190  12:49  Overlord x2  
  192  12:56  Overlord  
  192  13:03  Overseer  
  192  13:10  Hatchery  
  191  13:18  Hydralisk x4  
  199  13:23  Overseer  
  199  13:25  Spore Crawler  
  199  13:27  Roach x8  
  198  13:29  Zerg Missile Weapons Level 3  
  195  13:34  Viper x2  
  196  13:47  Viper  
  191  14:00  Roach x2  
  191  14:01  Roach  
  191  14:02  Roach x5  
  185  14:03  Roach  
  185  14:06  Lair  
  185  14:14  Extractor  
  185  14:15  Extractor  
  178  14:18  Hydralisk x20  
  187  14:31  Drone  
  187  14:32  Drone x2  
  187  14:33  Drone x3  
  187  14:38  Drone x5  
  196  14:39  Drone  
  196  14:40  Overseer  
  196  14:42  Lurker  
  200  14:53  Zerg Ground Armor Level 3  
  200  15:02  Roach  
  200  15:03  Roach x5, Overlord  
  200  15:04  Roach x2  
  200  15:05  Roach  
  194  15:16  Viper x2  
  194  15:18  Muscular Augments  
  200  15:27  Drone x5  
  193  15:32  Hydralisk  
  193  15:33  Hydralisk x2  
  199  15:41  Drone  
  198  15:51  Overseer  
  198  15:54  Drone x2  
  198  15:55  Nydus Network  
  198  15:56  Hydralisk  
  195  16:02  Lurker x2  
  195  16:03  Lurker  
  200  16:17  Hatchery  
  199  16:22  Overlord  
  196  17:15  Hydralisk x2  
  198  17:22  Hatchery  
  197  17:31  Spine Crawler  
  197  17:32  Nydus Canal  
  197  17:33  Hydralisk x4  
  197  17:34  Overseer  
  200  17:45  Drone x2, Spine Crawler x2, Spore Crawler x2  
  200  17:46  Drone x2, Spine Crawler  
  200  17:47  Spine Crawler  
  200  17:49  Overseer, Nydus Canal  
  200  17:50  Drone x2  
  200  18:04  Overseer  
  200  18:06  Nydus Canal  
  198  18:39  Viper x3  
  196  18:48  Spore Crawler  
  195  18:53  Hydralisk x4  
  194  19:09  Lurker  
  200  19:10  Lurker x11  
  200  19:16  Nydus Canal  
  200  19:21  Overseer  
  200  19:25  Overseer  
  200  19:35  Nydus Canal  
  200  19:42  Hatchery  
  200  19:43  Extractor  
  200  19:44  Extractor  
  164  20:00  Hydralisk  
  164  20:01  Hydralisk x14  
  164  20:04  Hydralisk x3  
  200  20:22  Overseer  
Show
View Real Time Build Order
Export as new Build Order

DRG Zerg 

Build Orders: 3 Hatch before Pool, Lurkers 

Get SALT Encoding   

  12  0:00  Drone  
  13  0:12  Overlord  
  13  0:17  Drone  
  14  0:30  Drone x2  
  14  0:34  Drone  
  17  0:51  Hatchery  
  17  0:54  Drone  
  17  0:57  Drone  
  18  1:06  Drone  
  19  1:20  Hatchery  
  19  1:24  Drone  
  19  1:28  Drone  
  19  1:30  Extractor  
  19  1:40  Spawning Pool  
  19  1:43  Drone  
  19  1:50  Drone  
  20  2:00  Drone  
  21  2:03  Drone  
  22  2:11  Drone  
  22  2:14  Drone  
  24  2:23  Drone  
  24  2:27  Queen  
  24  2:28  Zergling x2  
  28  2:31  Metabolic Boost, Queen  
  28  2:35  Queen  
  32  2:40  Overlord  
  32  2:43  Drone  
  33  2:45  Drone  
  33  2:50  Overlord  
  34  2:57  Baneling Nest  
  34  2:58  Drone  
  34  3:00  Drone  
  34  3:03  Drone  
  36  3:06  Drone  
  36  3:08  Drone  
  36  3:11  Zergling x4  
  40  3:14  Drone  
  40  3:17  Zergling x4  
  43  3:22  Overlord  
  43  3:27  Evolution Chamber  
  43  3:29  Drone x2  
  44  3:34  Overlord  
  44  3:36  Drone  
  44  3:40  Baneling x2  
  45  3:44  Drone  
  46  3:49  Drone  
  46  3:51  Drone  
  46  3:58  Drone  
  46  4:00  Drone x3  
  49  4:03  Zerg Melee Weapons Level 1  
  49  4:05  Drone x2  
  49  4:06  Drone  
  49  4:07  Drone  
  49  4:08  Drone  
  53  4:12  Drone  
  53  4:16  Extractor  
  53  4:20  Zergling x4  
  53  4:22  Overlord  
  53  4:23  Lair  
  55  4:26  Drone  
  55  4:30  Drone  
  57  4:35  Zergling x4  
  57  4:36  Baneling, Roach Warren  
  57  4:37  Overlord  
  58  4:38  Drone x2  
  58  4:41  Drone x3  
  58  4:42  Drone  
  64  4:47  Baneling, Extractor  
  64  4:48  Extractor  
  64  4:49  Drone x3  
  64  4:50  Baneling  
  64  4:52  Drone  
  66  4:54  Drone  
  67  5:01  Extractor x2  
  67  5:03  Drone x3  
  68  5:08  Drone  
  68  5:10  Drone  
  68  5:11  Drone x4  
  74  5:14  Drone x2  
  74  5:16  Drone  
  74  5:17  Drone  
  74  5:20  Drone x2  
  80  5:22  Spire  
  80  5:28  Drone  
  80  5:31  Overlord  
  80  5:32  Drone  
  81  5:36  Overlord  
  81  5:37  Glial Reconstitution  
  81  5:40  Zergling x2  
  81  5:42  Hatchery  
  81  5:43  Overlord  
  81  5:45  Overlord  
  81  5:50  Zergling x2, Overlord  
  81  5:51  Zergling x2  
  81  5:52  Zergling x2  
  81  5:53  Zergling x2  
  81  5:56  Zergling x6  
  81  5:58  Zergling x2  
  81  5:59  Zergling x2  
  81  6:01  Zergling x2  
  81  6:02  Baneling x2  
  81  6:03  Zergling x2  
  84  6:06  Zerg Melee Weapons Level 2  
  84  6:10  Zergling x4  
  87  6:11  Zergling x2  
  87  6:15  Zergling x2  
  87  6:16  Zergling x2  
  87  6:17  Zergling x4  
  91  6:22  Hatchery  
  89  6:26  Zergling x2  
  89  6:28  Zergling x4  
  89  6:29  Zergling x8  
  89  6:30  Zergling x2  
  92  6:34  Zergling x2  
  92  6:37  Zergling x2  
  90  6:41  Zergling x2  
  90  6:46  Zergling x8  
  95  6:48  Zerg Flyer Weapons Level 1  
  95  6:50  Mutalisk x4  
  102  6:54  Extractor  
  102  6:55  Mutalisk x2, Extractor  
  101  7:04  Mutalisk  
  101  7:08  Mutalisk x3  
  94  7:13  Mutalisk x2  
  100  7:17  Drone  
  100  7:18  Drone x3  
  100  7:19  Drone x4  
  100  7:21  Centrifugal Hooks  
  108  7:25  Mutalisk x2  
  112  7:30  Drone  
  112  7:31  Hatchery  
  112  7:33  Queen  
  112  7:36  Drone x3  
  117  7:40  Drone x3  
  117  7:41  Drone  
  121  7:46  Drone x6  
  121  7:47  Overlord x2  
  121  7:51  Overlord  
  127  7:53  Overseer, Overlord  
  127  7:54  Overseer  
  127  7:56  Baneling x4  
  127  8:01  Overlord  
  127  8:03  Overlord  
  126  8:06  Mutalisk x3  
  126  8:10  Mutalisk x2  
  133  8:23  Zergling x22  
  142  8:27  Mutalisk  
  132  8:34  Mutalisk x3  
  134  8:42  Infestation Pit  
  134  8:43  Mutalisk x2  
  134  8:45  Hydralisk Den, Zergling x14  
  134  8:47  Drone x2  
  145  8:52  Mutalisk x2  
  149  8:59  Baneling x8  
  148  9:05  Zergling x16, Extractor  
  148  9:08  Drone x6, Extractor  
  160  9:19  Overseer  
  154  9:25  Zergling x22  
  154  9:28  Overseer  
  157  9:34  Zergling x6  
  157  9:37  Hive  
  158  9:40  Zerg Missile Weapons Level 1, Lurker Den  
  158  9:41  Pneumatized Carapace  
  158  9:42  Drone  
  158  9:43  Drone x2  
  157  9:48  Drone x3  
  157  9:52  Queen x2  
  160  9:56  Drone  
  156  10:03  Drone x2  
  156  10:04  Drone  
  156  10:05  Drone  
  156  10:06  Drone  
  161  10:09  Drone  
  161  10:10  Drone x5  
  161  10:13  Grooved Spines  
  167  10:16  Lurker Den  
  161  10:27  Hydralisk x12  
  169  10:39  Hydralisk  
  169  10:40  Hydralisk x5  
  181  10:53  Overlord x2  
  181  10:56  Overlord  
  181  10:57  Evolution Chamber  
  181  10:59  Overlord  
  180  11:06  Baneling x7  
  180  11:07  Overlord  
  180  11:11  Queen, Overlord x2  
  180  11:17  Lurker x2  
  180  11:18  Lurker x5, Seismic Spines  
  187  11:25  Muscular Augments  
  183  11:29  Lurker x5  
  187  11:35  Zergling x10  
  187  11:36  Drone  
  187  11:37  Drone x5  
  194  11:40  Drone x2, Overseer  
  194  11:41  Drone x2  
  194  11:44  Drone x3  
  194  11:57  Drone x3  
  194  11:59  Spine Crawler  
  194  12:00  Zerg Missile Weapons Level 2  
  194  12:01  Zerg Ground Armor Level 1  
  191  12:03  Drone x2  
  191  12:05  Drone x3, Spine Crawler  
  191  12:06  Spine Crawler  
  189  12:10  Drone x2  
  191  12:15  Adaptive Talons  
  191  12:16  Viper x3  
  200  12:35  Spore Crawler  
  200  12:36  Nydus Network, Spore Crawler x2  
  196  12:48  Drone x4  
  196  12:49  Burrow  
  200  12:58  Spore Crawler x3  
  198  13:01  Spore Crawler  
  198  13:02  Spore Crawler  
  198  13:03  Baneling x4  
  198  13:04  Spore Crawler  
  192  13:26  Hydralisk x4  
  188  13:35  Hatchery  
  188  13:38  Hydralisk x8  
  179  13:45  Nydus Canal  
  179  13:46  Hydralisk x8  
  195  13:55  Lurker Den  
  193  14:13  Hydralisk x4  
  198  14:24  Hydralisk  
  174  14:27  Hydralisk x3  
  174  14:28  Hydralisk x6  
  179  14:34  Overseer x2  
  179  14:36  Drone x2  
  180  14:40  Viper x3  
  180  14:42  Lurker x10  
  180  14:45  Overlord  
  199  14:53  Spine Crawler  
  199  14:57  Lurker  
  199  14:59  Spore Crawler  
  198  15:00  Overseer, Hatchery  
  198  15:01  Overseer  
  196  15:17  Hydralisk  
  198  15:29  Drone  
  198  15:30  Zerg Ground Armor Level 2  
  198  15:31  Zerg Missile Weapons Level 3  
  199  15:35  Evolution Chamber  
  199  15:37  Spore Crawler  
  199  15:38  Drone x2  
  199  15:39  Spore Crawler  
  198  15:44  Spore Crawler  
  197  15:51  Spine Crawler  
  197  15:52  Spine Crawler x2  
  197  15:56  Overlord  
  194  15:57  Overseer  
  194  16:14  Drone  
  183  16:27  Viper x3  
  183  16:29  Lurker x7  
  199  16:37  Spine Crawler x2  
  199  16:38  Spine Crawler  
  199  16:39  Spine Crawler  
  176  16:48  Hydralisk x7  
  176  16:50  Nydus Canal  
  176  16:52  Extractor  
  176  16:53  Extractor  
  188  16:58  Drone x2  
  185  17:02  Overseer  
  185  17:06  Hydralisk x7  
  199  17:19  Zerg Melee Weapons Level 3  
  199  17:22  Evolution Chamber  
  187  17:23  Evolution Chamber  
  187  17:25  Drone x3  
  187  17:26  Spine Crawler x2  
  187  17:40  Drone x3  
  187  17:41  Drone x3  
  193  17:44  Spore Crawler  
  193  17:50  Spore Crawler  
  191  17:57  Hatchery  
  191  17:58  Drone x3, Spine Crawler  
  193  17:59  Spine Crawler  
  193  18:01  Lurker x8  
  193  18:02  Nydus Canal  
  199  18:13  Hydralisk  
  199  18:14  Hydralisk x3  
  199  18:16  Overseer  
  198  18:21  Spine Crawler, Spore Crawler  
  198  18:25  Hydralisk x6  
  188  18:37  Hydralisk  
  188  18:38  Hydralisk x9  
  182  18:44  Drone  
  182  18:45  Drone x2  
  182  18:47  Lurker x8  
  185  18:54  Drone  
  185  18:55  Drone x5  
  188  18:57  Hydralisk x6  
  200  19:05  Adrenal Glands  
  197  19:14  Hydralisk  
  199  19:23  Extractor  
  198  19:25  Hydralisk  
  198  19:29  Spore Crawler  
  199  19:35  Spore Crawler  
  199  19:36  Spore Crawler  
  197  19:49  Extractor  
  197  19:50  Extractor  
  154  20:00  Hydralisk x10  
  154  20:05  Hydralisk x9  
  169  20:19  Hydralisk x6  
  175  20:24  Overseer  
  175  20:29  Drone x2  

Tags
 
Add a new tag
Caveats
  • Supply blocks, unpowered buildings, or Contaminate may cause inaccurate times.
  • Supply counts are checked every 10 seconds.